Map: Cactus Valley LE (Void)

Players

Railgan

  • Race: Zerg Zerg
  • League: Grandmaster
  • Spawn Location: 7:00

IIIIllIIIIIl (Kas) - Winner!

  • Race: Terran Terran
  • League: Grandmaster
  • Spawn Location: 5:00

VOD

Have the link to the VOD?

Description

Time

  • Played on: March 24, 2017, 9:42 p.m.
  • Length: 18:00
Show
View Real Time Build Order
Export as new Build Order

Railgan Zerg 

Build Orders: Pool First, Lurkers 

Get SALT Encoding   

  12  0:01  Drone  
  13  0:12  Overlord  
  13  0:17  Drone  
  14  0:30  Drone x2  
  16  0:36  Drone  
  17  0:46  Spawning Pool  
  17  0:48  Drone  
  17  0:59  Drone  
  18  1:12  Hatchery  
  18  1:14  Extractor  
  18  1:17  Drone  
  17  1:19  Drone  
  18  1:32  Queen  
  20  1:33  Zergling x2  
  20  1:38  Drone  
  22  1:49  Overlord  
  22  2:09  Drone  
  22  2:11  Queen  
  22  2:13  Drone  
  26  2:22  Metabolic Boost  
  26  2:24  Queen  
  26  2:25  Drone x2  
  30  2:37  Drone x2  
  30  2:43  Drone, Overlord  
  30  2:44  Drone  
  34  2:47  Drone x2  
  36  2:56  Drone  
  36  3:06  Evolution Chamber  
  36  3:11  Drone x2  
  37  3:14  Drone  
  38  3:22  Zergling x4  
  40  3:32  Drone  
  41  3:38  Drone  
  41  3:39  Zergling x4  
  41  3:41  Zerg Ground Armor Level 1  
  44  3:44  Overlord x2  
  44  3:46  Extractor  
  44  3:47  Extractor, Drone x2  
  44  3:57  Overlord  
  44  4:03  Zergling x10  
  44  4:05  Lair  
  49  4:11  Drone x2  
  49  4:12  Extractor  
  49  4:16  Drone x2  
  52  4:18  Zergling x2  
  53  4:25  Baneling Nest  
  53  4:27  Queen  
  53  4:28  Drone x2  
  55  4:32  Zergling x2  
  46  4:40  Drone  
  46  4:41  Drone  
  46  4:42  Drone x3  
  46  4:45  Drone x2  
  50  4:57  Drone x2  
  49  5:01  Drone  
  49  5:08  Drone  
  49  5:13  Drone x2  
  52  5:20  Drone x4  
  54  5:24  Drone  
  50  5:33  Drone  
  50  5:34  Drone  
  52  5:38  Hydralisk Den  
  52  5:41  Zerg Ground Armor Level 2  
  51  5:45  Evolution Chamber  
  51  5:46  Drone x5  
  55  5:58  Overlord  
  55  6:00  Zergling x8  
  59  6:09  Hydralisk  
  59  6:10  Zerg Missile Weapons Level 1  
  61  6:12  Hydralisk x3, Muscular Augments  
  61  6:16  Overlord  
  67  6:22  Hydralisk x2  
  71  6:29  Hydralisk x2  
  75  6:35  Hydralisk  
  76  6:45  Hydralisk  
  75  6:51  Hatchery  
  74  6:56  Hydralisk x2  
  78  7:03  Overlord  
  78  7:07  Hydralisk x2  
  82  7:17  Hydralisk  
  82  7:21  Overlord  
  82  7:22  Hydralisk x2  
  86  7:28  Hydralisk x2  
  89  7:32  Hydralisk  
  91  7:38  Overlord x2  
  91  7:40  Overlord  
  91  7:48  Zergling x4  
  91  7:49  Lurker Den  
  93  7:52  Overlord  
  91  7:58  Hydralisk  
  91  7:59  Hydralisk  
  91  8:04  Zergling x2  
  96  8:05  Zerg Missile Weapons Level 2  
  96  8:17  Hydralisk x2  
  99  8:26  Hydralisk x2  
  103  8:30  Overseer  
  103  8:37  Hydralisk  
  103  8:40  Hydralisk  
  102  8:43  Drone  
  102  8:44  Drone x4  
  102  8:47  Hydralisk x2  
  107  8:50  Drone x5  
  112  8:58  Hydralisk x2  
  116  9:07  Drone  
  116  9:08  Drone  
  116  9:09  Drone  
  119  9:10  Drone x3  
  119  9:13  Extractor x2  
  120  9:21  Lurker x2  
  120  9:23  Overlord  
  122  9:26  Drone x2  
  122  9:30  Pneumatized Carapace  
  124  9:39  Hydralisk x3  
  130  9:49  Hydralisk x2  
  134  9:59  Hydralisk x2  
  136  10:01  Lurker, Zergling x14  
  136  10:03  Overlord  
  136  10:04  Hatchery, Overlord  
  145  10:09  Overlord  
  145  10:10  Drone  
  145  10:22  Zerg Melee Weapons Level 1  
  145  10:25  Lurker x2  
  145  10:28  Hatchery  
  146  10:29  Lurker  
  146  10:30  Zergling x6  
  146  10:31  Zergling x2  
  151  10:36  Drone  
  152  10:45  Hydralisk  
  152  10:48  Hydralisk x4  
  162  10:59  Hydralisk x3  
  162  11:03  Hydralisk  
  170  11:05  Overlord  
  170  11:10  Overlord  
  168  11:13  Overlord  
  168  11:24  Hydralisk x2  
  171  11:28  Hydralisk x5  
  177  11:35  Zergling x14  
  177  11:36  Zergling x2  
  183  11:45  Hydralisk x2  
  187  11:55  Hydralisk  
  187  11:56  Hydralisk x4  
  187  11:59  Hydralisk  
  192  12:02  Hydralisk  
  194  12:08  Hydralisk x2  
  196  12:26  Overlord x2  
  196  12:27  Overlord  
  196  12:30  Zerg Melee Weapons Level 2, Hatchery  
  196  12:31  Infestation Pit  
  196  12:32  Overlord  
  193  12:40  Overlord  
  193  12:46  Hydralisk x3  
  191  13:08  Hydralisk x2  
  195  13:23  Zergling x14  
  184  13:27  Hydralisk x5  
  184  13:28  Hydralisk x2  
  198  13:35  Lurker x4  
  198  13:38  Lurker  
  192  14:07  Hydralisk, Hive  
  192  14:08  Zergling x2  
  174  14:18  Hydralisk x3  
  174  14:25  Zergling x22  
  185  14:31  Extractor  
  185  14:32  Extractor, Spine Crawler  
  185  14:35  Zergling x2  
  185  14:36  Zergling x6  
  149  14:59  Zergling x2  
  145  15:00  Zergling x4  
  145  15:01  Lurker  
  145  15:02  Lurker x7  
  145  15:03  Drone  
  156  15:12  Spine Crawler x2, Overlord  
  154  15:15  Zergling x6  
  125  15:36  Hydralisk x2  
  125  15:37  Hydralisk x5  
  133  15:45  Zergling x6  
  136  15:51  Hatchery  
  135  15:59  Viper  
  135  16:00  Viper x2  
  140  16:05  Overseer  
  140  16:16  Viper  
  140  16:19  Zergling x2  
  141  16:33  Hydralisk  
  141  16:34  Hydralisk  
  141  16:35  Zergling x4  
  141  16:39  Hydralisk  
  147  16:46  Hydralisk  
  143  16:47  Hydralisk  
  143  16:48  Hydralisk x3  
  143  16:53  Hydralisk  
  135  16:57  Hydralisk  
  139  17:05  Hydralisk  
  141  17:18  Hydralisk x2  
  141  17:21  Extractor  
  143  17:41  Hatchery  
Show
View Real Time Build Order
Export as new Build Order

IIIIllIIIIIl Terran - Winner!

Build Orders: Liberator Opening, Reaper Expand, MMM Bio 

Get SALT Encoding   

  12  0:01  SCV  
  13  0:13  SCV  
  14  0:18  Supply Depot  
  14  0:25  SCV  
  15  0:31  Refinery  
  15  0:40  SCV  
  16  0:45  Barracks  
  16  0:52  SCV  
  17  1:04  SCV  
  18  1:16  SCV  
  19  1:32  Orbital Command  
  19  1:33  Reaper  
  20  1:43  Command Center  
  20  1:53  Factory  
  20  1:57  SCV  
  21  2:08  Supply Depot  
  21  2:09  SCV  
  21  2:10  Barracks Reactor  
  22  2:16  Refinery  
  22  2:21  SCV  
  23  2:36  SCV  
  23  2:44  Starport  
  23  2:50  SCV  
  26  2:58  Hellion  
  26  2:59  Hellion  
  26  3:02  SCV  
  29  3:09  Marine  
  30  3:14  SCV  
  31  3:28  Medivac, Hellion x2, SCV  
  31  3:30  Orbital Command  
  38  3:40  SCV  
  39  3:43  Supply Depot, Barracks Tech Lab  
  39  3:47  Liberator  
  39  3:52  SCV  
  40  3:57  Barracks  
  40  4:01  Barracks  
  40  4:04  SCV  
  40  4:05  Stimpack  
  40  4:07  Marine  
  45  4:10  Factory Reactor  
  45  4:13  SCV  
  46  4:18  Supply Depot  
  46  4:22  SCV  
  47  4:24  Marine  
  46  4:45  Marine  
  35  4:47  Marine x2  
  38  4:55  Marine, SCV  
  38  4:59  Starport Reactor  
  39  5:03  Marine  
  39  5:07  Marine  
  39  5:11  SCV  
  41  5:15  SCV  
  41  5:17  Engineering Bay  
  41  5:18  Engineering Bay  
  43  5:24  Marine  
  39  5:28  SCV  
  39  5:29  Marine  
  39  5:30  SCV  
  39  5:31  Supply Depot  
  39  5:33  Marine x2  
  44  5:37  Medivac  
  44  5:39  Marine  
  44  5:40  SCV  
  44  5:42  Marine  
  49  5:45  Terran Infantry Armor Level 1  
  49  5:50  Terran Infantry Weapons Level 1  
  49  5:51  SCV  
  49  5:53  SCV  
  51  6:01  Marine  
  51  6:02  Marine  
  51  6:03  Marine x2, SCV  
  56  6:04  Marine  
  56  6:08  SCV  
  56  6:09  Combat Shields  
  58  6:15  SCV  
  58  6:18  Widow Mine, Supply Depot  
  59  6:19  Marine x2  
  59  6:20  Marine, SCV  
  59  6:24  Supply Depot  
  65  6:27  SCV  
  65  6:29  Marine x2  
  65  6:32  SCV  
  69  6:37  Marine  
  69  6:39  Marine  
  70  6:44  Marine  
  70  6:46  Medivac x2, Marine  
  72  6:47  SCV  
  72  6:49  Refinery  
  72  6:50  Factory Tech Lab  
  72  6:51  Marine, SCV  
  75  6:55  Marine  
  75  6:59  Refinery, SCV  
  75  7:00  Marine, Armory  
  78  7:03  Supply Depot  
  78  7:05  Marine x2  
  78  7:06  SCV  
  81  7:11  Marine  
  81  7:12  SCV  
  81  7:13  Marine  
  84  7:19  Marine  
  85  7:22  Marine  
  85  7:24  Marine  
  85  7:25  Siege Tank  
  85  7:29  Marine  
  90  7:30  Marine, SCV  
  90  7:35  SCV  
  94  7:38  Command Center  
  94  7:50  Terran Infantry Weapons Level 2, Terran Infantry Armor Level 2  
  90  7:58  Marine x2  
  90  7:59  Marine  
  90  8:04  Supply Depot  
  93  8:06  Supply Depot  
  93  8:10  Supply Depot  
  93  8:12  SCV  
  94  8:25  Marine x2  
  94  8:26  Marine x2, SCV, Siege Tank  
  102  8:27  Supply Depot  
  102  8:28  Marine  
  102  8:31  SCV  
  104  8:49  Unknown  
  104  8:50  Marine  
  104  8:51  Marine x2  
  104  8:52  Orbital Command  
  104  8:54  SCV  
  104  8:55  Marine x2  
  109  8:58  Supply Depot  
  109  8:59  Barracks  
  109  9:00  Siege Tank  
  109  9:02  Barracks  
  113  9:06  SCV  
  113  9:08  Marine x2  
  116  9:12  Marine  
  116  9:13  Marine x2, Orbital Command  
  119  9:22  Medivac x2  
  123  9:26  Marine x2, SCV x2  
  123  9:27  Factory  
  127  9:32  Marine x2  
  127  9:33  Marine  
  130  9:38  SCV  
  130  9:39  SCV  
  130  9:42  SCV  
  130  9:43  Sensor Tower  
  130  9:44  Marine x2  
  135  9:50  Marine x2  
  135  9:51  Barracks Reactor  
  135  9:52  Supply Depot  
  137  9:53  Supply Depot, SCV x2  
  137  9:55  Supply Depot  
  137  9:56  Barracks Reactor  
  137  9:58  Marine  
  140  10:02  Marine x2  
  142  10:10  Marine  
  133  10:18  Marine x2  
  133  10:19  Siege Tank, Factory Tech Lab, Marine  
  133  10:20  Marine  
  133  10:21  Medivac x2  
  142  10:23  SCV x2  
  142  10:25  Bunker  
  146  10:29  Terran Infantry Weapons Level 3  
  146  10:35  Terran Infantry Armor Level 3  
  146  10:42  Marine x2  
  146  10:44  Marine x4  
  152  10:50  Marine x2  
  152  10:51  Siege Tank  
  152  10:52  Marine  
  152  10:54  Siege Tank  
  161  11:00  Marine  
  161  11:02  Marine x2  
  161  11:04  Marine x2  
  163  11:07  Marine  
  163  11:08  Marine  
  166  11:13  Marine x2  
  166  11:18  Marine  
  168  11:20  Marine x2  
  168  11:21  Marine  
  168  11:23  Siege Tank  
  173  11:27  Refinery  
  173  11:28  Refinery, Command Center  
  173  11:31  Supply Depot  
  173  11:38  Supply Depot x2  
  173  11:39  Terran Vehicle Weapons Level 1  
  173  11:40  Supply Depot  
  173  11:43  Marine x3  
  176  11:49  Marine  
  175  12:05  Marine x5  
  175  12:06  Marine, Siege Tank  
  175  12:07  Siege Tank, Medivac x2  
  191  12:14  Marine x3  
  186  12:26  Marine x6  
  192  12:30  Barracks  
  192  12:31  Barracks, Marine  
  192  12:32  Marine x2  
  194  12:38  Siege Tank  
  194  12:43  Marine  
  194  12:44  Marine  
  198  13:10  Command Center  
  198  13:25  Marine x4  
  198  13:36  Marine x2  
  200  13:42  Barracks  
  200  13:43  Barracks  
  188  14:05  Marine x2  
  188  14:08  Barracks Reactor x2  
  188  14:09  Siege Tank  
  196  14:10  Siege Tank  
  196  14:15  Command Center  
  181  14:22  Marine x3  
  176  14:25  Planetary Fortress  
  176  14:28  Marine x2  
  178  14:33  Barracks Reactor x2  
  178  14:37  Marine x2  
  180  14:38  Marine x2  
  180  14:41  Siege Tank  
  180  14:42  Siege Tank  
  179  15:01  Marine x3  
  179  15:02  Marine  
  183  15:12  Building Armor  
  183  15:13  Terran Vehicle Weapons Level 2  
  183  15:14  Siege Tank x2  
  189  15:21  Starport x3  
  166  15:35  Marine x2  
  166  15:36  Marine x11  
  166  15:43  Marine  
  166  15:49  Marine x2  
  169  15:50  Siege Tank  
  169  15:55  Marine  
  173  15:59  Marine x2  
  173  16:00  Marine  
  173  16:01  Marine  
  173  16:03  Starport Tech Lab x2  
  173  16:04  Starport Tech Lab  
  177  16:06  Fusion Core  
  177  16:09  Starport  
  176  16:29  Planetary Fortress  
  176  16:32  SCV x3  
  171  16:51  Marine x9  
  171  16:52  Marine x8  
  171  16:54  Siege Tank x2  
  181  16:56  Starport Tech Lab  
  181  17:02  Refinery  
  181  17:03  Refinery  
  181  17:09  Marine x6  
  181  17:12  Marine x2  
  181  17:15  Marine  
  190  17:17  Marine  
  197  17:25  Armory  
Tags
 
Add a new tag
Caveats
  • Supply blocks, unpowered buildings, or Contaminate may cause inaccurate times.
  • Supply counts are checked every 10 seconds.